2526 views
Uploaded 2021-08-01 02:39:11
Game version 1.32.10
18:25 long 1on1 ladder game on (2)SwampedTemple
Saved by aom
2526 views
Uploaded 2021-08-01 02:39:11
Game version 1.32.10
18:25 long 1on1 ladder game on (2)SwampedTemple

32 units @ 4.8k
/ 0.6k
12 buildings @ 2k
/ 0.6k


| Rod of Necromancy | 1 | 150 |
| Potion of Healing | 1 | 150 |
| Circlet of Nobility | 1 | 175 |
| total: | 3 | 475g |
| Acolyte | 11 | 825 | / | 0 |
| Ghoul | 8 | 960 | / | 0 |
| Crypt Fiend | 5 | 1075 | / | 200 |
| Obsidian Statue | 2 | 400 | / | 70 |
| Meat Wagon | 1 | 230 | / | 50 |
| Abomination | 1 | 240 | / | 70 |
| Goblin Shredder | 2 | 750 | / | 200 |
| Forest Troll Shadow Priest | 1 | 195 | / | 10 |
| Mud Golem | 1 | 145 | / | 10 |
| total: | 32 | 4820g | / | 610w |
| Nerubian Tower | 2 | 200 | / | 40 |
| Spirit Tower | 1 | 145 | / | 40 |
| Altar of Darkness | 1 | 180 | / | 50 |
| Ziggurat | 4 | 600 | / | 200 |
| Crypt | 1 | 200 | / | 50 |
| Tomb of Relics | 1 | 130 | / | 30 |
| Graveyard | 2 | 430 | / | 0 |
| Necropolis | 1 | 225 | / | 0 |
| Slaughterhouse | 1 | 140 | / | 135 |
| Sacrificial Pit | 1 | 75 | / | 150 |
| Halls of the Dead | 1 | 320 | / | 210 |
| Black Citadel | 1 | 325 | / | 230 |
| total: | 12 | 1980g | / | 615w |
| 0:04 | Acolyte |
| 0:05 | Altar of Darkness |
| 0:07 | Ziggurat |
| 0:09 | Acolyte |
| 0:34 | Crypt |
| 0:51 | Tomb of Relics |
| 1:15 | Graveyard |
| 1:17 | Graveyard |
| 1:35 | Ghoul |
| 1:45 | Ghoul |
| 1:52 | Ghoul |
| 2:07 | Rod of Necromancy |
| 2:13 | Death Coil |
| 2:17 | Ghoul |
| 2:18 | Cannibalize |
| 2:20 | Ghoul |
| 2:47 | Halls of the Dead |
| 3:41 | Ziggurat |
| 3:43 | Ziggurat |
| 3:48 | Unholy Armor |
| 3:53 | Unholy Aura |
| 4:50 | Nerubian Tower |
| 5:05 | Crypt Fiend |
| 5:11 | Breath of Fire |
| 5:21 | Black Citadel |
| 5:59 | Crypt Fiend |
| 6:03 | Slaughterhouse |
| 6:07 | Sacrificial Pit |
| 6:37 | Creature Attack |
| 6:42 | Crypt Fiend |
| 6:58 | Circlet of Nobility |
| 7:27 | Obsidian Statue |
| 7:32 | Crypt Fiend |
| 8:22 | Ghoul Frenzy |
| 8:24 | Web |
| 8:24 | Burrow |
| 8:28 | Destroyer Form |
| 8:32 | Obsidian Statue |
| 8:51 | Ziggurat |
| 9:03 | Potion of Healing |
| 9:38 | Drunken Brawler |
| 9:43 | Goblin Shredder |
| 10:00 | Unholy Strength |
| 10:03 | Disease Cloud |
| 10:07 | Death Coil |
| 10:43 | Acolyte |
| 10:43 | Acolyte |
| 10:49 | Spirit Tower |
| 10:50 | Nerubian Tower |
| 11:52 | Breath of Fire |
| 12:33 | Acolyte |
| 12:38 | Acolyte |
| 13:06 | Acolyte |
| 13:07 | Acolyte |
| 13:07 | Acolyte |
| 13:10 | Crypt Fiend |
| 13:13 | Unholy Aura |
| 13:22 | Acolyte |
| 14:04 | Acolyte |
| 14:09 | Forest Troll Shadow Priest |
| 14:10 | Mud Golem |
| 14:56 | Necropolis |
| 15:01 | Ghoul |
| 15:02 | Ghoul |
| 15:24 | Drunken Brawler |
| 15:31 | Goblin Shredder |
| 15:54 | Meat Wagon |
| 15:57 | Ghoul |
| 17:29 | Death Coil |
| 17:41 | Abomination |
| 17:44 | Improved Unholy Strength |
| Select group | 1225 |
| Right click | 691 |
| Select | 471 |
| Misc. action | 139 |
| Build/train/purchase | 87 |
| Use ability | 49 |
| Assign group | 25 |
| Item give/drop | 6 |
| Remove unit | 3 |
| Minimap ping | 1 |
27 units @ 4k
/ 0.1k
15 buildings @ 1.5k
/ 0.4k


| Scroll of Regeneration | 2 | 200 |
| Potion of Healing | 2 | 300 |
| Lesser Clarity Potion | 1 | 70 |
| Staff of Teleportation | 1 | 150 |
| Potion of Lesser Invulnerability | 1 | 150 |
| total: | 7 | 870g |
| Peasant | 5 | 375 | / | 0 |
| Footman | 14 | 1890 | / | 0 |
| Forest Troll Berserker | 2 | 490 | / | 60 |
| Forest Troll Shadow Priest | 2 | 390 | / | 20 |
| Ogre Mauler | 2 | 600 | / | 0 |
| Mud Golem | 2 | 290 | / | 20 |
| total: | 27 | 4035g | / | 100w |
| Scout Tower | 2 | 60 | / | 40 |
| Arcane Tower | 1 | 70 | / | 50 |
| Guard Tower | 1 | 70 | / | 50 |
| Barracks | 1 | 160 | / | 60 |
| Farm | 7 | 560 | / | 140 |
| Altar of Kings | 1 | 180 | / | 50 |
| Blacksmith | 1 | 140 | / | 60 |
| Lumber Mill | 2 | 240 | / | 0 |
| Arcane Vault | 1 | 130 | / | 30 |
| Keep | 1 | 320 | / | 210 |
| total: | 15 | 1470g | / | 380w |
| 0:10 | Barracks |
| 0:13 | Farm |
| 0:16 | Altar of Kings |
| 0:17 | Peasant |
| 0:58 | Farm |
| 1:00 | Peasant |
| 1:57 | Footman |
| 2:56 | Footman |
| 2:59 | Farm |
| 3:07 | Scout Tower |
| 3:15 | Banish |
| 3:42 | Farm |
| 3:43 | Arcane Tower |
| 3:46 | Footman |
| 3:46 | Footman |
| 4:27 | Farm |
| 4:37 | Blacksmith |
| 4:55 | Footman |
| 4:55 | Footman |
| 5:16 | Lumber Mill |
| 5:31 | Peasant |
| 5:47 | Siphon Mana |
| 6:12 | Forest Troll Berserker |
| 6:13 | Forest Troll Shadow Priest |
| 6:50 | Farm |
| 6:58 | Lumber Mill |
| 7:22 | Ogre Mauler |
| 7:23 | Mud Golem |
| 7:35 | Footman |
| 7:38 | Iron Forged Swords |
| 8:15 | Flame Strike |
| 9:05 | Staff of Teleportation |
| 9:11 | Potion of Lesser Invulnerability |
| 9:16 | Keep |
| 9:25 | Farm |
| 10:00 | Flame Strike |
| 10:15 | Scout Tower |
| 10:18 | Improved Lumber Harvesting |
| 12:05 | Footman |
| 12:05 | Footman |
| 12:15 | Arcane Vault |
| 12:29 | Guard Tower |
| 12:36 | Peasant |
| 12:36 | Peasant |
| 12:54 | Scroll of Regeneration |
| 13:15 | Potion of Healing |
| 13:21 | Lesser Clarity Potion |
| 14:23 | Flame Strike |
| 14:38 | Devotion Aura |
| 14:39 | Scroll of Regeneration |
| 14:57 | Footman |
| 14:57 | Footman |
| 15:10 | Forest Troll Berserker |
| 15:10 | Ogre Mauler |
| 15:18 | Advanced Lumber Harvesting |
| 15:55 | Improved Masonry |
| 17:28 | Forest Troll Shadow Priest |
| 17:28 | Mud Golem |
| 17:38 | Footman |
| 17:38 | Footman |
| 17:39 | Footman |
| 18:09 | Potion of Healing |
| Select | 248 |
| Right click | 234 |
| Build/train/purchase | 68 |
| Select group | 52 |
| Use ability | 28 |
| Assign group | 8 |
| Item give/drop | 2 |